 Dungeon Crawl Stone Soup version 0.21-a0-440-g28109cb (webtiles) character file.

244 slep the Shield-Bearer (level 5, -2/36 HPs)
             Began as a Demonspawn Fighter on Nov 11, 2017.
             Slain by a hippogriff (5 damage)
             ... on level 5 of the Dungeon.
             The game lasted 00:11:42 (1599 turns).

slep the Shield-Bearer (Demonspawn Fighter)         Turns: 1599, Time: 00:11:43

Health: -2/36      AC:  9    Str: 22    XL:     5   Next: 83%
Magic:  5/5        EV:  8    Int:  9    God:
Gold:   129        SH:  9    Dex: 11    Spells: 4/4 levels left

rFire    . . .     SeeInvis .   r - -3 falchion (curse)
rCold    . . .     Gourm    .   c - +0 shield
rNeg     . . .     Faith    .   b - +0 scale mail
rPois    .         Spirit   .   (no helmet)
rElec    .         Reflect  .   (no cloak)
rCorr    .         Harm     .   (no gloves)
MR       .....                  h - +1 pair of boots
Stlth    ..........             (no amulet)
HPRegen  0.12/turn              s - -4 ring of dexterity (curse)
MPRegen  0.09/turn              (no ring)

@: mighty
A: hooves 2, agile 1, frail 1, rot immunity
a: no special abilities


You were on level 5 of the Dungeon.
You were not hungry.

You visited 1 branch of the dungeon, and saw 4 of its levels.

You collected 129 gold pieces.

Inventory:

Hand Weapons
 a - a +0 long sword
 r - a cursed -3 falchion (weapon)
Armour
 b - a +0 scale mail (worn)
 c - a +0 shield (worn)
 h - a +1 pair of boots (worn)
Jewellery
 s - a cursed -4 ring of dexterity (left hand)
Scrolls
 e - 4 scrolls of enchant armour
 j - 2 scrolls of identify
 k - a scroll of immolation
 o - a scroll of amnesia
Comestibles
 f - 4 bread rations
 g - 2 meat rations
 l - a royal jelly
 t - a chunk of flesh


   Skills:
 + Level 3.6 Fighting
 + Level 3.5 Long Blades
 + Level 3.5 Armour
 + Level 1.2 Dodging
 + Level 3.8 Shields


You had 4 spell levels left.
You didn't know any spells.

Dungeon Overview and Level Annotations

Branches:
Dungeon (3/15)             Temple (0/1) D:5

Altars:
Zin


Innate Abilities, Weirdness & Mutations

You have hoof-like feet.
You are immune to rotting.
You are agile. (Dex +2)
You are frail. (-10% HP)


Message History

The hippogriff closely misses you. The hippogriff barely misses you.
The hippogriff pecks you but does no damage.
The hippogriff claws you.
* * * LOW HITPOINT WARNING * * *
You barely miss the hippogriff.
The hippogriff is heavily wounded.
You block the hippogriff's attack. The hippogriff pecks you.
* * * LOW HITPOINT WARNING * * *
The hippogriff claws you.
* * * LOW HITPOINT WARNING * * *
Okay, then.
You hit the hippogriff.
The hippogriff is severely wounded.
The hippogriff bites you but does no damage.
The hippogriff pecks you but does no damage.
The hippogriff barely misses you.
You closely miss the hippogriff.
The hippogriff is severely wounded.
You block the hippogriff's attack. x2; The hippogriff claws you.
You die...

..........H..#..#..
...............#. . .
.......o......#..# ..
.....Z.h#####.....
........$..........##
. .......o.#########
...#.#####oo....#
........Hoo5....#
.......@#######...
.....?..# ##
#.......# #########


You could see a hippogriff, a crimson imp and 4 orcs.

Vanquished Creatures
  A bullfrog (D:5)
  A hound (D:5)
  A centaur skeleton (D:5)
  2 hound skeletons
  3 adders (D:2)
  A worm (D:3)
  2 dart slugs
  A leopard gecko (D:1)
  An orc (D:3)
  8 bats
  8 giant cockroaches
  2 goblins (D:1)
  9 hobgoblins
  4 jackals (D:3)
  A quokka (D:2)
  4 frilled lizards
  7 kobolds
  5 rats
61 creatures vanquished.

Notes
Turn   | Place    | Note
-------+----------+-------------------------------------------
     0 | D:1      | slep the Demonspawn Fighter began the quest for the Orb.
     0 | D:1      | Reached XP level 1. HP: 18/18 MP: 1/1
    62 | D:1      | Gained mutation: You have large cloven feet. [demonic ancestry]
    62 | D:1      | Reached XP level 2. HP: 12/24 MP: 2/2
   850 | D:2      | Reached XP level 3. HP: 21/29 MP: 3/3
  1005 | D:2      | Gained mutation: You have hoof-like feet. [demonic ancestry]
  1005 | D:2      | Reached XP level 4. HP: 20/35 MP: 4/4
  1479 | D:3      | You fall through a shaft for 2 floors!
  1479 | D:5      | Entered Level 5 of the Dungeon
  1483 | D:5      | Gained mutation: You are frail. (-10% HP) [potion of mutation]
  1483 | D:5      | Gained mutation: You are agile. (Dex +2) [potion of mutation]
  1554 | D:5      | Noticed a hippogriff
  1555 | D:5      | Found a glowing silver altar of Zin.
  1555 | D:5      | Noticed a bullfrog
  1558 | D:5      | Found a staircase to the Ecumenical Temple.
  1577 | D:5      | Killed a bullfrog
  1577 | D:5      | Reached skill level 1 in Dodging
  1577 | D:5      | Gained mutation: You are immune to rotting. [demonic ancestry]
  1577 | D:5      | Reached XP level 5. HP: 28/36 MP: 5/5
  1599 | D:5      | Slain by a hippogriff

Vault maps used:
D:1:      dpeg_arrival_tiny_e, st_stairs_12
D:2:      serial_bayou_pond_d
D:3:      first_bread, uniq_purgy
D:5:      marbit_many_paths, grunt_temple_overflow_open,
          overflow_temple_1_default, minmay_temple_entry_statues_pillars,
          minmay_misc_feat_diagonals, minmay_tree_intersection, uniq_grinder

Skill      XL: |  1  2  3  4 |
---------------+-------------+-----
Long Blades    | 2 3 |  3.5
Armour         | 3 |  3.5
Shields        | 3 |  3.8
Dodging        | 1 |  1.2
Fighting       | |  3.6

Action                   |  1- 3 |  4- 6 || total
-------------------------+-------+-------++-------
Melee: Long sword        |   121 |    11 ||   132
       Kick              |     2 |       ||     2
       Falchion          |       |   230 ||   230
  Use: Scroll            |       |     5 ||     5
       Potion            |       |     4 ||     4
  Eat: Chunk             |     1 |     2 ||     3
Armor: Scale mail        |    51 |   116 ||   167
Dodge: Dodged            |    40 |    73 ||   113
Block: Shield            |    59 |   145 ||   204
       Rpst.: Long sword |    17 |     1 ||    18
       Falchion          |       |    14 ||    14

Table legend:
 A = Spawn XP
 B = Non-spawn XP
 C = Spawn XP percentage of total XP
 D = Spawn monster count
 E = Non-spawn monster count
 F = Spawn count percentage of total count
 G = Total turns spent on level
                    A         B        C        D         E        F      G
               +---------+---------+-------+---------+---------+-------+---------
         Total |       0 |     349 |   0.0 |       0 |      61 |   0.0 |  1599
               +---------+---------+-------+---------+---------+-------+---------
           D:1 |       0 |      32 |   0.0 |       0 |      18 |   0.0 |   692
           D:2 |       0 |      91 |   0.0 |       0 |      22 |   0.0 |   474
           D:3 |       0 |      32 |   0.0 |       0 |      16 |   0.0 |   313
           D:5 |       0 |     194 |   0.0 |       0 |       5 |   0.0 |   120
               +---------+---------+-------+---------+---------+-------+---------
